 Dungeon Crawl Stone Soup version 0.23.2-40-g277498a001 (webtiles) character file.

Game seed: 17968680954521051132

438 Emblim88 the Bolt Thrower (level 6, -8/49 HPs)
             Began as a Centaur Arcane Marksman on Sept 18, 2019.
             Was an Initiate of Dithmenos.
             Killed by divine providence
             ... invoked by an orc priest
              (13 damage)
             ... on level 3 of the Dungeon.
             The game lasted 00:09:43 (3992 turns).

Emblim88 the Bolt Thrower (Centaur Arcane Marksman) Turns: 3992, Time: 00:09:44

Health: -8/49      AC:  4    Str: 13    XL:     6   Next: 69%
Magic:  7/7        EV:  9    Int: 12    God:    Dithmenos [......]
Gold:   185        SH:  0    Dex: 11    Spells: 6/7 levels left

rFire    . . .     SeeInvis .   x - +1 rapier (freeze)
rCold    . . .     Gourm    .   (no shield)
rNeg     . . .     Faith    .   s - +0 leather armour
rPois    .         Spirit   .   (no helmet)
rElec    .         Reflect  .   (no cloak)
rCorr    .         Harm     .   (no gloves)
MR       .....                  (no barding)
Stlth    +.........             (no amulet)
HPRegen  0.16/turn              (no ring)
MPRegen  0.10/turn              (no ring)

@: very quick
A: large, hooves 3, deformed body, speed 2, tough skin 3
a: Renounce Religion


You were on level 3 of the Dungeon.
You worshipped Dithmenos.
Dithmenos was noncommittal.
You were not hungry.

You visited 1 branch of the dungeon, and saw 4 of its levels.

You collected 185 gold pieces.

Inventory:

Hand Weapons
 a - a +0 hand crossbow
 o - a +0 hunting sling
 q - a +0 dagger of draining
 t - a +0 blowgun
 x - a +1 rapier of freezing (weapon)
Missiles
 d - a bolt
 i - 105 stones (quivered)
 k - 40 poisoned needles
 u - 28 arrows
Armour
 e - a +0 robe
 s - a +0 leather armour (worn)
Jewellery
 w - an uncursed amulet of the gourmand {unknown}
 y - an uncursed ring of resist corrosion {unknown}
Scrolls
 b - 4 scrolls of identify {unknown}
 g - 2 scrolls of teleportation {unknown}
 j - a scroll of fear {unknown}
 m - a scroll of magic mapping {unknown}
 p - a scroll of random uselessness {unknown}
 A - a scroll of enchant weapon {unknown}
Potions
 c - a potion of invisibility
 h - a potion of resistance
 l - a potion of ambrosia {unknown}
 n - 2 potions of mutation {unknown}
 r - a potion of brilliance {unknown}
 v - 2 potions of lignification {unknown}
 z - a potion of berserk rage {unknown}
Comestibles
 f - 7 rations


   Skills:
 + Level 2.3 Fighting
 + Level 6.5 Crossbows
 + Level 0.7 Armour
 + Level 1.5 Dodging
 + Level 0.6 Stealth
 + Level 1.0 Spellcasting
 + Level 3.4 Hexes


You had 6 spell levels left.
You knew the following spells:

 Your Spells              Type           Power        Failure   Level  Hunger
a - Corona                Hex            #......      10%         1    ##.....

Your spell library contained the following spells:

 Spells                   Type           Power        Failure   Level  Hunger
 Slow                     Hex            #.......     14%         2    ###....
 Magic Dart               Conj           #...         36%         1    ##.....
 Blink                    Tloc           N/A          50%         2    ###....
 Call Imp                 Summ           #.......     50%         2    ###....
 Inner Flame              Hex/Fire       #.......     50%         3    ####...
 Portal Projectile        Hex/Tloc       #.....       50%         3    ####...
 Cause Fear               Hex            #.........   67%         4    #####..
 Conjure Flame            Conj/Fire      #.......     75%         3    ####...
 Mephitic Cloud           Conj/Pois/Air  #.......     75%         3    ####...
 Leda's Liquefaction      Hex/Erth       #.........   88%         4    #####..


Dungeon Overview and Level Annotations

Branches:
Dungeon (4/15)
 Temple: D:4-7

Altars:
Dithmenos
Elyvilon
Zin
The Shining One


Innate Abilities, Weirdness & Mutations

You have hooves in place of feet.
Armour fits poorly on your strangely shaped body.
You cover ground very quickly.
You have extremely tough skin. (AC +3)


Message History

The stone hits the orc priest but does no damage.
The orc priest is moderately wounded.
The orc priest invokes the aid of Beogh against you.
Beogh smites you!
You are too injured to fight recklessly!
You are too injured to fight recklessly!
You are too injured to fight recklessly!
Your +1 rapier of freezing glows with a cold blue light!
x - a +1 rapier of freezing (weapon)
The orc priest hits you.
You hit the orc priest but do no damage.
The orc priest is moderately wounded.
The orc priest invokes the aid of Beogh against you.
Beogh smites you!
* * * LOW HITPOINT WARNING * * *
You puncture the orc priest! You freeze the orc priest.
The orc priest is almost dead.
The orc priest mumbles some strange prayers to Beogh against you.
Beogh smites you!
You die...

#.###########....#..#..#..#.....#
#.# #.....#..#..#..#..#.# #.#
##[.#..#..#..#..#.#.# #.#
#................#.# #.#
#..###############.# #.# #...#
#.# #.# #...# #.# #.#
#######..[##############.# ..#
#.....#..@o.....(.........
########.###.#.##################
.........# #.#.#
.###########'#'## .#
#........)...# .# #..........).#
.# #..........[.# .#
#............# .# #............#


You could see an orc priest.

Vanquished Creatures
  Eustachio (D:4)
  An ogre (D:3)
  An orc wizard (D:3)
  A worker ant (D:4)
  6 adders
  2 oozes
  2 adder skeletons (D:4)
  2 worms (D:2)
  3 dart slugs
  A leopard gecko (D:3)
  6 orcs
  3 ball pythons
  7 bats
  5 giant cockroaches
  8 goblins
  7 hobgoblins
  5 jackals
  2 quokkas (D:2)
  3 frilled lizards
  6 kobolds
  A quokka skeleton (D:4)
  5 rats
78 creatures vanquished.

Notes
Turn   | Place    | Note
-------+----------+-------------------------------------------
     0 | D:1      | Emblim88 the Centaur Arcane Marksman began the quest for
                  | the Orb.
     0 | D:1      | Reached XP level 1. HP: 16/16 MP: 2/2
   116 | D:1      | Reached XP level 2. HP: 23/23 MP: 3/3
   862 | D:2      | Reached XP level 3. HP: 28/28 MP: 4/4
   890 | D:2      | Reached skill level 3 in Crossbows
  1290 | D:2      | Found a glowing silver altar of Zin.
  1465 | D:2      | Found a glowing golden altar of the Shining One.
  1569 | D:2      | Found a white marble altar of Elyvilon.
  1647 | D:2      | Reached XP level 4. HP: 31/35 MP: 5/5
  1800 | D:3      | Reached skill level 4 in Crossbows
  2009 | D:3      | Noticed an ogre
  2054 | D:3      | Killed an ogre
  2054 | D:3      | Reached skill level 5 in Crossbows
  2054 | D:3      | Reached XP level 5. HP: 18/41 MP: 6/6
  2496 | D:3      | Found a shadowy altar of Dithmenos.
  2507 | D:3      | Became a worshipper of Dithmenos the Shadowed
  3237 | D:4      | Noticed Eustachio
  3255 | D:4      | Killed Eustachio
  3255 | D:4      | Reached skill level 6 in Crossbows
  3255 | D:4      | Reached XP level 6. HP: 48/49 MP: 7/7
  3992 | D:3      | Killed from afar by an orc priest

Skill      XL: |  1  2  3  4  5 |
---------------+----------------+-----
Hexes          | 3 |  3.4
Crossbows      | 3 5 6 |  6.5
Fighting       | 2 |  2.3
Armour         | |  0.7
Dodging        | |  1.5
Stealth        | |  0.6
Spellcasting   | |  1.0

Action                   |  1- 3 |  4- 6 || total
-------------------------+-------+-------++-------
Melee: Rapier            |       |    11 ||    11
       Kick              |       |     2 ||     2
 Fire: Hand crossbow     |    98 |   129 ||   227
       Hunting sling     |       |    11 ||    11
Throw: Stone             |       |    18 ||    18
 Cast: Corona            |       |     1 ||     1
  Use: Potion            |       |     2 ||     2
  Eat: Ration            |       |     2 ||     2
Armor: Robe              |    14 |     5 ||    19
       Leather armour    |       |    29 ||    29
Dodge: Dodged            |    21 |    66 ||    87
